 Dungeon Crawl Stone Soup version 0.28-a0-1002-gf00fe891ef (webtiles) character file.

Game seed: 12881616385163226084

130 fragbeetle the Grasshopper (level 4, -4/35 HPs)
             Began as a Palentonga Warper on Dec 7, 2021.
             Killed by nerve-wracking pain
             ... invoked by Grinder
              (10 damage)
             ... on level 3 of the Dungeon.
             The game lasted 00:05:04 (1931 turns).

fragbeetle the Grasshopper (Palentonga Warper)      Turns: 1931, Time: 00:05:05

Health: -4/35      AC:  4    Str: 14    XL:     4   Next: 89%
Magic:  7/7        EV:  9    Int: 15    God:
Gold:   64         SH:  0    Dex: 10    Spells: 3/8 levels left

rFire   . . .      SeeInvis +   a - +0 spear
rCold   . . .      Faith    .   (no shield)
rNeg    . . .      Spirit   .   b - +0 leather armour
rPois   .          Reflect  .   (no helmet)
rElec   .          Harm     .   (no cloak)
rCorr   .          Rampage  .   (no gloves)
Will    .....                   (no barding)
Stlth   +.........              h - amulet of regeneration
HPRegen 0.91/turn               (no ring)
MPRegen 0.10/turn               (no ring)

@: no status effects
A: large, rugged brown scales 3, see invisible, deformed body, roll 1, armoured
tail
a: Rolling Charge


You were on level 3 of the Dungeon.
You visited 1 branch of the dungeon, and saw 3 of its levels.

You collected 64 gold pieces.

Inventory:

Hand Weapons
 a - a +0 spear (weapon)
Missiles
 d - 5 boomerangs of dispersal (quivered)
Armour
 b - a +0 leather armour (worn)
Magical Staves
 f - a staff of death
Jewellery
 h - an amulet of regeneration (around neck)
Wands
 k - a wand of iceblast (9)
Scrolls
 c - 2 scrolls of blinking
 i - a scroll of teleportation {unknown}
 l - 3 scrolls of identify
 m - a scroll of vulnerability {unknown}
Potions
 e - a potion of mutation
 g - a potion of attraction {unknown}
 j - a potion of berserk rage {unknown}


   Skills:
 + Level 2.2 Fighting
 + Level 2.9 Polearms
 + Level 0.6 Throwing
 + Level 1.9 Armour
 + Level 2.0 Dodging
 * Level 2.5 Spellcasting
 + Level 3.4 Translocations


You had 3 spell levels left.
You knew the following spells:

 Your Spells              Type           Power      Damage    Failure   Level
a - Blink                 Tloc           24%        N/A       10%         2
b - Gell's Gravitas       Tloc           12%        N/A       19%         3

Your spell library contained the following spells:

 Spells                   Type           Power      Damage    Failure   Level
 Lesser Beckoning         Tloc           12%        N/A       19%         3
 Teleport Other           Tloc           12%        N/A       19%         3
 Pain                     Necr           4%         1d4       26%         1
 Manifold Assault         Tloc           12%        N/A       86%         5
 Agony                    Necr           1%         N/A       100%        5
 Excruciating Wounds      Necr           0%         N/A       100%        5


Dungeon Overview and Level Annotations

Branches:
Dungeon (3/15)

Altars:

Annotations:
D:3 Grinder


Innate Abilities, Weirdness & Mutations

You are completely covered in rugged brown scales. (AC +3, +7% HP)
You have supernaturally acute eyesight. (SInv)
Armour fits poorly on your strangely shaped body.
You can roll at nearby foes to attack.
You have a long armoured tail.


Message History

You closely miss Grinder.
Grinder is lightly wounded.
Grinder completely misses you.
You barely miss Grinder.
Grinder is lightly wounded.
Grinder hits you.
Your leather armour prevents you from hitting the ball python.
Grinder closely misses you. The ball python closely misses you.
You hit the ball python.
You kill the ball python!
Grinder barely misses you.
You hit Grinder.
Grinder is lightly wounded.
Grinder gestures at you.
You suddenly lose the ability to move!
Grinder hits you.
You writhe in agony.
Grinder gestures at you. Pain shoots through your body!
You can move again.
Unknown command.
You hit Grinder but do no damage.
Grinder is lightly wounded.
Grinder hits you!
You writhe in agony.
You hit Grinder but do no damage.
Grinder is lightly wounded.
Grinder closely misses you.
You completely miss Grinder.
Grinder is lightly wounded.
Grinder hits you!
* * * LOW HITPOINT WARNING * * *
You writhe in agony.
* * * LOW HITPOINT WARNING * * *
You closely miss Grinder.
Grinder is lightly wounded.
Grinder barely misses you.
You closely miss Grinder.
Grinder is lightly wounded.
Grinder gestures at you. Pain shoots through your body!
You die...

## .. .## . ..
##.. ...
#.###.....
#...(#.5.......
#....@#
.............^.
###.....######.
#.....# #.....#
#.....# #######


You could see Grinder.

Vanquished Creatures
  A gnoll shaman (D:2)
  Ijyb (D:2)
  4 gnolls
  An adder (D:2)
  A dart slug (D:1)
  3 ball pythons
  2 giant cockroaches
  6 goblins (D:2)
  3 hobgoblins
  2 jackals (D:2)
  2 kobolds
  A quokka (D:2)
  A rat (D:1)
28 creatures vanquished.

Notes
Turn   | Place    | Note
-------+----------+-------------------------------------------
     0 | D:1      | fragbeetle the Palentonga Warper began the quest for the
                  | Orb.
     0 | D:1      | Reached XP level 1. HP: 17/17 MP: 3/3
   622 | D:1      | Reached XP level 2. HP: 17/23 MP: 5/5
   730 | D:1      | Learned a level 2 spell: Blink
   773 | D:2      | Found a faded altar of an unknown god.
   935 | D:2      | Reached skill level 1 in Armour
   935 | D:2      | Reached XP level 3. HP: 24/28 MP: 6/6
  1028 | D:2      | Learned a level 3 spell: Gell's Gravitas
  1068 | D:2      | Reached XP level 4. HP: 21/35 MP: 7/7
  1146 | D:2      | Noticed Ijyb
  1257 | D:2      | Killed Ijyb
  1917 | D:3      | Noticed Grinder
  1924 | D:3      | Paralysed by Grinder for 3 turns
  1931 | D:3      | Killed from afar by Grinder

Illustrated notes

Levels and vault maps discovered:
D:1:      amcnicky_arrival_feature_with_door, layout_rooms
D:2:      kennysheep_the_goblin_king, layout_basic,
          hellmonk_ecumenical_altar_dog_temple
D:3:      layout_basic, mainiacjoe_overflow_surrounded_room, nrook_mini_vaults,
          uniq_grinder

Skill      XL: |  1  2  3  4 |
---------------+-------------+-----
Polearms       | 2 |  2.9
Armour         | 1 |  1.9
Dodging        | 2 |  2.0
Fighting       | |  2.2
Throwing       | |  0.6
Spellcasting   | |  2.5
Translocations | |  3.4

Action                   |  1- 3 |  4- 6 || total
-------------------------+-------+-------++-------
Melee: Spear             |    76 |    66 ||   142
       Tailslap          |    11 |     7 ||    18
 Cast: Blink             |     1 |     2 ||     3
  Use: Scroll            |       |     1 ||     1
Armor: Leather armour    |    25 |    14 ||    39
Dodge: Dodged            |    27 |    22 ||    49

Table legend: (Time is in decaauts)
 A = Elapsed time spent in this place.
 B = Non-inter-level travel time spent in this place.
 C = Inter-level travel time spent in this place.
 D = Time resting spent in this place.
 E = Time spent auto-exploring this place.
 F = Levels seen in this place.
 G = Mean time per level.
                   A        B        C        D        E       F      G
               +--------+--------+--------+--------+--------+-----+--------+
         Total |   1929 |   1878 |     51 |    310 |   1037 |   3 |  643.0 |
       Dungeon |   1929 |   1878 |     51 |    310 |   1037 |   3 |  643.0 |
               +--------+--------+--------+--------+--------+-----+--------+

Top non-repeatable levels by time:
     D:2: 1142 daAuts
     D:1: 773 daAuts
     D:3: 13 daAuts
